AoeStats
← goeinicholas

Arena

510030458Analyzed
2v2 RM · 2d ago on Sep 29, 2026· 31m 30s· 4 players
Game mode
Random Map
Map size
Medium (4 player)
Population
200
Speed
Normal
Resources
Standard
Victory
Conquest
Starting age
Dark Age
Ending age
Imperial Age
RankedLock teamsTeams togetherTeam positionsShared explorationLock speedFull tech treeHidden civsTurbo modeCheats
Victory
Defeat
🇨🇴 Muisca · Colombia
1589
+8
🇦🇷 Teutons · Argentina
1257
+19
🇮🇩 Wei · Indonesia
1388
-14
🇺🇸 Sicilians · United States
1351
-13
slc
6:33 Loom
goeinicholas
10:18 Feudal Age
11:31 Double-Bit Axe
14:30 Castle Age
12:22 Horse Collar
15:25 Bow Saw
16:15 Wheelbarrow
28:09 Loom
31:52 Imperial Age
30:04 Heavy Plow
31:52 Gold Mining
31:52 Stone Mining
BoxStars
8:17 Loom
11:28 Feudal Age
16:36 Double-Bit Axe
18:43 Double-Bit Axe
Rabanito
2:52 Loom
10:15 Feudal Age
13:56 Castle Age
13:25 Double-Bit Axe
13:20 Horse Collar
14:03 Loom
14:21 Gold Mining
14:58 Bow Saw
16:48 Sanctity
20:16 Redemption
22:06 Town Watch
25:15 Wheelbarrow
24:59 Scale Mail Armor
29:06 Imperial Age
28:42 Chain Mail Armor
30:13 Hand Cart
31:30 Block Printing
31:52 Theocracy
31:52 Squires
31:18 Elite Temple Guard
Connection lost

Rejoining the realm…

Still unreachable

The connection could not be restored.

Session expired

The server has moved on; the page needs a fresh start.